Arrhythmia, neutral female human Tourist ------ ########################################## ##+<...| ----------- # --------------------------------% # |....| |.........|### |..............................|# ####.....| |.........|# |.------+--------------..-----.|# # #------ |.........|# |.|....|..|...|....|..)..|...|.|# ### # ---.----.--# 0|.|....|..|...|....|..|..-...|.|# # # # #### #|.-|------|...||------|..|...|.|# ### # # #|......|..|...|.|..|..|.-----|.|# # # # #|.----.|..||---.|..|..|.-....|.|# ### # # #|.|..|.--|-..{..--||..|.|.._@|.|) # # ### #|.|..-.............-|--.|..@.|.|######## ## # #|.|----+--.----|--......|...[|.| #---.--------# ### #|.|..|...|.|..|..|---|-------|.| #|.........>|# # #|.|..|...|.+..|?(|....|#.|%@.-.-####|..........|# ------|--- #|.|..|...|.---|.%|....|..|.%@|.| |..........+# |......^.| #|.-|------..{.----------|-----@| |..........| |........-##)########|............[[.).)..........@.| |..........| ---------- -------------------------------- ------------ Arrhythmia the Excursionist Experience level: 8 Strength: 18/01 Dexterity: 13 Constitution: 18 Intelligence: 12 Wisdom: 14 Charisma: 13 Health: 0(74) Energy: 25(25) AC: 2 Gold: 748 Moves: 4358 Your Inventory: Coins $ - 748 gold pieces Weapons a - 8 uncursed +2 darts (in quiver) K - 3 uncursed [+0] daggers L - a blessed corroded [+0] dagger (weapon in hand) S - a blessed rusty [+1] dagger Armor e - an uncursed +0 white-handed shield [Uruk-hai] (being worn) i - an uncursed +0 Hawaiian shirt (being worn) C - a [blessed] +1 pair of leather gloves [of telepathy] named Telepathy (being worn) D - an uncursed +0 elven cloak (being worn) N - an uncursed +0 iron skull cap [orcish helm] (being worn) Q - an [uncursed] +1 pair of hard shoes [iron] (being worn) Comestibles b - an uncursed lembas wafer c - 2 uncursed food rations Potions g - 2 uncursed potions of extra healing V - a cursed sky blue potion [of fruit juice] Y - an uncursed potion of gain level Rings s - an uncursed obsidian ring [of sustain ability] R - a cursed [-1] ring of increase accuracy Wands d - an uncursed wand of striking [0:2] j - an uncursed spiked wand [of make invisible (0:4)] Tools h - an uncursed [tallow] candle l - an uncursed leash P - an uncursed lock pick Z - 26 uncursed [wax] candles Spells known in the end: Name Level Category Fail Memory Your skills at the end: Fighting Skills Weapon Skills dagger [Basic / Expert] dart [Basic / Expert] Spellcasting Skills Final Attributes: You were piously aligned. Hunger level was 277. Your alignment was 20 / 31. Monster difficulty range was 0 - 6. Level difficulty was 5. You were telepathic. You were stealthy. Your luck was zero. You are dead. Vanquished creatures: 2 leprechauns a gnome king a dwarf mummy a housecat a gnome mummy a Woodland-elf 4 fire ants an imp 7 Uruk-hai 2 ponies a fog cloud a yellow light a violet fungus 5 gnome lords 3 gnomish wizards 2 elf zombies a wax golem a giant ant a little dog 2 floating eyes 7 dwarves 2 rabid rats a giant bat 4 monkeys 2 dwarf zombies a werejackal an iguana 5 killer bees an acid blob a coyote 2 gas spores a hobbit 3 manes a giant rat a cave spider a brown mold a red mold 26 gnomes 2 geckos 4 jackals a fox 2 goblins 2 grid bugs 4 lichens a kobold zombie 3 newts 119 creatures vanquished. Voluntary challenges: You used a wielded weapon 103 times. You read items or engraved 2 times. You put on armor 18 times. You never genocided any monsters. You never polymorphed an object. You never changed form. You used no wishes. You never wrote Elbereth's name. You never encountered a bones level. You never used any Sokoban shortcuts. Dungeon overview: The Dungeons of Doom: levels 1 to 4 Level 1 a long staircase Level 2 a fountain stairs to The Gnomish Mines Level 3 an armor shop, a fountain Level 4 a fountain The Gnomish Mines: levels 3 to 5 Level 3 stairs to The Dungeons of Doom Level 5 <- You were here some shops, a temple, a magic chest, some fountains, a sink History has recorded: On T:1 you entered the Dungeons of Doom to retrieve the Amulet of Yendor! On T:471 you advanced to experience level 2. On T:499 you reached level 2 of The Dungeons of Doom. On T:588 you advanced to experience level 3. On T:943 you reached level 3 of The Dungeons of Doom. On T:978 you advanced to experience level 4. On T:1310 you reached level 4 of The Dungeons of Doom. On T:1586 you advanced to experience level 5. On T:1814 you reached level 1 of The Gnomish Mines. On T:1839 you advanced to experience level 6. On T:2673 you advanced to experience level 7. On T:2683 you reached level 2 of The Gnomish Mines. On T:3375 you reached level 3 of The Gnomish Mines. On T:3870 you advanced to experience level 8. Latest messages: "Aloha, Arrhythmia! Welcome to Djombang's delicatessen!" [HP+1=35] The dart hits the Woodland-elf! The Woodland-elf thrusts her crude short sword. The Woodland-elf misses. The dart hits the Woodland-elf! The Woodland-elf thrusts her crude short sword. The Woodland-elf hits! [HP-8=27] You kill the Woodland-elf! The Woodland-elf wields a runed broadsword! (2x) The dart hits the Woodland-elf! The Woodland-elf swings his runed broadsword. The Woodland-elf hits! [HP-15=12] The dart hits the Woodland-elf! The Woodland-elf swings his runed broadsword. The Woodland-elf hits! You die... Final status: Aloha Arrhythmia the Tourist... You died in The Gnomish Mines on dungeon level 5 with 4211 points, and 748 pieces of gold, after 4358 moves. You were level 8 with a maximum of 74 hit points when you died.